 Dungeon Crawl Stone Soup version 0.32-a0-19-g28bc0835a1 (webtiles) character file.

Game seed: 4782623623868615681

63 Dirtsage the Changeling (level 4, 0/29 HPs)
             Began as an Octopode Shapeshifter on Jan 17, 2024.
             Slain by a gnoll
             ... wielding a +0 spear
              (7 damage)
             ... on level 3 of the Dungeon.
             The game lasted 00:02:05 (1586 turns).

Dirtsage the Changeling (Octopode Shapeshifter)     Turns: 1586, Time: 00:02:05

Health: 0/29       AC:  1    Str: 13    XL:     4   Next: 10%
Magic:  4/4        EV: 13    Int: 12    God:
Gold:   49         SH:  0    Dex: 13    Spells: 3/3 levels left

rFire   . .          .
                       - Unarmed
rCold   . . .        (no shield)
rNeg    . . .        (helmet currently unavailable)
rPois   .            (no amulet)
rElec   .            (no ring)
rCorr   .            (no ring)
SInv    .            (no ring)
Will    .....        (no ring)
Stlth   ++           (no ring)
HPRegen 0.24/turn    (no ring)
MPRegen 0.09/turn    (no ring)
                     (no ring)

%: no passive effects
@: beast-form
A: beast (slay +2), almost no armour, amphibious, 8 rings, camouflage 1,
gelatinous body 1, (nimble swimmer 1), tentacles
a: Begin Untransformation


You were on level 3 of the Dungeon.
You were a hulking beast.
You visited 1 branch of the dungeon, and saw 4 of its levels.

You collected 49 gold pieces.

Inventory:

Talismans
 b - a beast talisman
 c - a flux talisman
 m - a beast talisman
Scrolls
 f - a scroll of poison {unknown}
 h - a scroll of immolation {unknown}
 i - a scroll of fog {unknown}
 k - a scroll of enchant armour {unknown}
 l - a scroll of fear {unknown}
 n - a scroll of revelation {unknown}
Potions
 a - 2 potions of lignification
 d - a potion of heal wounds {unknown}
 e - a potion of enlightenment {unknown}
 g - a potion of attraction {unknown}
 j - a potion of berserk rage {unknown}


   Skills:
 + Level 1.8 Fighting
 + Level 2.6 Dodging
 + Level 3.4 Unarmed Combat
 * Level 3.6 Shapeshifting


You had 3 spell levels left.
You didn't know any spells.
Your spell library was empty.

Dungeon Overview and Level Annotations

Branches:
Dungeon (4/15)
 Temple: D:4-7

Altars:


Innate Abilities, Weirdness & Mutations

You are a hulking beast.
Your limbs bulge with bestial killing power. (Slay +2)
You cannot wear most types of armour.
You are amphibious.
You can wear up to eight rings at the same time.
Your skin changes colour to match your surroundings (Stealth+).
Your rubbery body absorbs attacks. (AC +1, EV +1)
((You are camouflaged when in or above water. (Stealth+)))
You have tentacles for arms and can constrict up to eight enemies at once.


Message History

The gnoll shouts! x2
You tentacle-slap the bat. You grab the bat. You squeeze the bat.
You kill the bat!
You see here a bat corpse.
The gnoll attacks as it pursues you!
The gnoll hits you from afar with a +0 spear.
You take 1 damage, and have 27/29 hp.
The gnoll attacks as it pursues you!
The gnoll hits you from afar with a +0 spear.
You take 4 damage, and have 23/29 hp.
There is an open door here.
The gnoll throws a throwing net.
The throwing net hits you.
You become entangled in the net!
The gnoll attacks as it pursues you!
The gnoll hits you from afar with a +0 spear!
You see here a throwing net.
You tear a large gash into the net.
The gnoll hits you from afar with a +0 spear.
You take 9 damage, and have 14/29 hp.
MASSIVE DAMAGE!!
You struggle against the net.
The gnoll hits you from afar with a +0 spear.
You take 5 damage, and have 9/29 hp.
You rip the net and break free!
The gnoll barely misses you.
There is a stone staircase leading down here.
You climb downwards.
The goblin shouts!
Found a stone staircase leading up.
There is a stone staircase leading up here.
The scorpion barely misses you.
You climb upwards.
The gnoll hits you with a +0 flail. x2
* * * LOW HITPOINT WARNING * * *
There is a stone staircase leading down, spattered with blood here.
You take 4 damage, and have 7/29 hp.
You tentacle-slap the gnoll. You grab the gnoll. You tentacle-slap the gnoll.
The gnoll is severely wounded.
You constrict the gnoll. The scorpion barely misses you.
You tentacle-slap the gnoll but do no damage.
The gnoll is severely wounded.
You constrict the gnoll.
The gnoll hits you from afar with a +0 spear!
You die...

#.## ##.....## ##.#
##...## #..# ##'## #.##
#.# #.# #.# #.# ##.##
#.# ##..g##
#.#########.....###.####
#..............shg(.....
#############.#####.####
###


You could see a scorpion and 2 gnolls.

Vanquished Creatures
  An adder (D:2)
  A dart slug (D:2)
  An orc (D:2)
  6 ball pythons
  6 endoplasms
  4 giant cockroaches
  5 goblins
  3 hobgoblins
  3 jackals (D:2)
  A quokka (D:2)
  5 bats
  5 frilled lizards
  4 kobolds
  A rat (D:1)
46 creatures vanquished.

Notes
Turn   | Place    | Note
-------+----------+-------------------------------------------
     0 | D:1      | Dirtsage the Octopode Shapeshifter began the quest for the
                  | Orb.
     0 | D:1      | Reached XP level 1. HP: 13/13 MP: 1/1
   177 | D:1      | Reached XP level 2. HP: 18/18 MP: 2/2
   779 | D:2      | Reached XP level 3. HP: 23/23 MP: 3/3
  1267 | D:2      | Reached XP level 4. HP: 29/29 MP: 4/4
  1398 | D:2      | Found a faded altar of an unknown god.
  1582 | D:4      | Noticed a scorpion
  1586 | D:3      | Slain by a gnoll

Illustrated notes

Levels and vault maps discovered:
D:1:      nicolae_arrival_somewhat_less_tricky_arrival, layout_loops_ring
D:2:      layout_loops_ring, basic_ecumenical_altar, corexii_shack
D:3:      layout_loops_corners
D:4:      layout_layer_cave, kennysheep_windowed_goal

Action                     |  1- 3 |  4- 6 || total
---------------------------+-------+-------++-------
  Melee: Unarmed           |    71 |    11 ||    82
         Constrict         |    20 |     3 ||    23
         Tentacles         |    14 |     1 ||    15
         Punch             |       |     1 ||     1
   Stab: Sleeping          |    11 |     1 ||    12
 Armour: Skin              |    26 |    13 ||    39
  Dodge: Dodged            |    43 |     5 ||    48

Table legend: (Time is in decaauts)
 A = Elapsed time spent in this place.
 B = Non-inter-level travel time spent in this place.
 C = Inter-level travel time spent in this place.
 D = Time resting spent in this place.
 E = Time spent auto-exploring this place.
 F = Levels seen in this place.
 G = Mean time per level.
                   A        B        C        D        E       F      G
               +--------+--------+--------+--------+--------+-----+--------+
         Total |   1580 |   1544 |     36 |      0 |   1282 |   4 |  395.0 |
       Dungeon |   1580 |   1544 |     36 |      0 |   1282 |   4 |  395.0 |
               +--------+--------+--------+--------+--------+-----+--------+

Top non-repeatable levels by time:
     D:1: 756 daAuts
     D:2: 683 daAuts
     D:3: 139 daAuts
     D:4: 1 daAuts
